 Dungeon Crawl Stone Soup version 0.28.0-47-ge53b351184 (webtiles) character file.

Game seed: 3395368446972398993

913 Allula97 the Covered (level 7, -3/55 HPs)
             Began as a Demonspawn Fighter on Apr 29, 2022.
             Was an Elder of Jiyva.
             Slain by Pikel
             ... wielding a +2 whip of electrocution
              (6 damage)
             ... on level 5 of the Dungeon.
             The game lasted 00:14:20 (3495 turns).

Allula97 the Covered (Demonspawn Fighter)           Turns: 3495, Time: 00:14:21

Health: -3/55      AC:  7    Str: 16      XL:     7   Next: 82%
Magic:  7/7        EV: 11    Int: 10      God:    Jiyva [****..]
Gold:   124        SH:  0    Dex: 19 (20) Spells: 6/6 levels left

rFire   + . .      SeeInvis .   j - +7 long sword "Tihimixt" {vamp, rF+ rC- Will+}
rCold   x . .      Faith    .   (no shield)
rNeg    . . .      Spirit   .   b - +0 scale mail
rPois   .          Reflect  .   (no helmet)
rElec   .          Harm     .   (no cloak)
rCorr   +          Rampage  .   (no gloves)
Will    +....                   (no boots)
Stlth   ++........              (no amulet)
HPRegen 1.46/turn               i - +6 ring of dexterity
MPRegen 0.50/turn               (no ring)

@: unable to read
A: demonic guardian 1, weakness stinger 2, translucent skin 2, inability to read
while threatened, MP-powered wands
a: Renounce Religion, Oozemancy, Slimify


You were on level 5 of the Dungeon.
You worshipped Jiyva.
Jiyva was greatly pleased with you.
You visited 1 branch of the dungeon, and saw 5 of its levels.

You collected 124 gold pieces.

Inventory:

Hand Weapons
 j - the +7 long sword "Tihimixt" (weapon) {vamp, rF+ rC- Will+}
   (You found it on level 5 of the Dungeon)

   It occasionally heals its wielder for a portion of the damage dealt when it
   wounds a living foe.
   rF:        It protects you from fire.
   rC:        It makes you vulnerable to cold.
   Will:      It increases your willpower.
Missiles
 c - a silver boomerang
 g - a poisoned dart (quivered)
 m - 3 boomerangs of dispersal
Armour
 b - a +0 scale mail (worn)
 d - a +1 leather armour of poison resistance
Jewellery
 e - a ring of magical power
 i - a +6 ring of dexterity (left hand)
Wands
 k - a wand of iceblast (9)
Scrolls
 a - a scroll of teleportation {unknown}
 f - 2 scrolls of fear {unknown}
 h - a scroll of noise {unknown}
 l - a scroll of enchant armour {unknown}


   Skills:
 * Level 4.4 Fighting
 + Level 3.2 Long Blades
 * Level 5.4 Armour
 * Level 2.6 Dodging
 + Level 1.3 Stealth
 - Level 3.1 Shields
 * Level 3.2 Unarmed Combat


You had 6 spell levels left.
You didn't know any spells.
Your spell library contained the following spells:

 Spells                   Type           Power      Damage    Failure   Level
 Freeze                   Ice            0%         1d3       77%         1
 Static Discharge         Conj/Air       0%         N/A       88%         2
 Frozen Ramparts          Ice            0%         1d2       98%         3
 Dispel Undead            Necr           0%         3d6       100%        4
 Hailstorm                Conj/Ice       0%         3d3       100%        4
 Sticky Flame             Conj/Fire      0%         2d3       100%        4


Dungeon Overview and Level Annotations

Branches:
Dungeon (5/15)
 Temple: D:4-7

Altars:
Kikubaaqudgha
Ru
Zin
Jiyva

Shops:
D:4 (

Annotations:
D:5 Pikel


Innate Abilities, Weirdness & Mutations

A weak demonic guardian rushes to your aid.
You have a tail ending in a sharp stinger.
Your translucent skin reduces your foes' accuracy. (Stealth+)
You sometimes lose the ability to read scrolls when taking damage.
You expend magic power (3 MP) to strengthen your wands.


Message History

Pikel is lightly wounded.
Your quasit closely misses Pikel.
Your quasit barely misses Pikel.
Your quasit claws Pikel but does no damage.
Pikel hits you with a +2 whip of electrocution.
* * * LOW HITPOINT WARNING * * *
Your quasit misses Pikel.
Your quasit claws Pikel but does no damage.
Your quasit closely misses Pikel.
Pikel hits you with a +2 whip of electrocution.
* * * LOW HITPOINT WARNING * * *
You hit Pikel but do no damage. You tail-slap Pikel.
Pikel is moderately wounded.
The orc priest looks satisfied for a moment.
Your quasit bites Pikel but does no damage.
Your quasit claws Pikel but does no damage.
Your quasit barely misses Pikel.
Pikel barely misses you.
You slash Pikel!
You feel better.
Your punch misses Pikel.
Pikel is heavily wounded.
Your quasit closely misses Pikel.
Your quasit barely misses Pikel.
Your quasit misses Pikel.
The orc priest looks satisfied for a moment.
Pikel closely misses you.
Your quasit barely misses Pikel.
Your quasit claws Pikel but does no damage. x2
You hit Pikel.
You feel better.
Your tail-slap misses Pikel.
Pikel is heavily wounded.
Your quasit bites Pikel.
Your quasit claws Pikel. x2
Pikel hits your quasit with a +2 whip of electrocution.
You hit Pikel.
Your tail-slap misses Pikel.
Pikel is severely wounded.
Your quasit disappears in a puff of smoke!
Pikel closely misses you.
You hear a distant slurping noise.
The orc priest calls down the wrath of Beogh upon you.
Beogh smites you!
* * * LOW HITPOINT WARNING * * *
A demonic guardian appears!
You slash Pikel!
Pikel is almost dead.
Pikel hits you with a +2 whip of electrocution.
You die...

...............#
#.......
...........###.#
#.......
...######### #.#
# #.###### ##
#.#####
#.###.#....#
#####.....#
#.....#.##.#
#.......#.#
####........
#.#####.#
#..........
##.#..5#5#
#.#........
.....O5K@#
#.#........
......o###
#.#........
.......
#.#........
.......
#.#########
#...... #.
#...... #+
#...5.. #...O..


You could see Pikel (ally target), an ogre, 2 lemures, an orc priest and a
friendly ufetubus (summoned).

Vanquished Creatures
  Edmund (D:5)
  A sky beast (D:4)
  2 ogres
  A lemure (D:5)
  3 quasits (D:4)
  2 orc priests
  2 hounds
  2 orc wizards (D:5)
  2 gnolls (D:3)
  An adder (D:5)
  2 worms
  A dart slug (D:3)
  11 orcs
  4 ball pythons
  8 bats
  4 giant cockroaches
  3 goblins
  6 hobgoblins
  3 jackals (D:1)
  5 quokkas
  A frilled lizard (D:2)
  3 kobolds
  7 rats
75 creatures vanquished.

Vanquished Creatures (collateral kills)
  The ghost of Bruhh the Chiller, an amateur GnIE (D:4)
  A scorpion zombie (D:5)
  A gnoll (D:3)
  2 adders
  A worm (D:2)
  A frilled lizard (D:2)
7 creatures vanquished.

Vanquished Creatures (others)
  A black bear (D:5)
  A howler monkey (D:5)
  10 jellies
  A hound (D:5)
  An orc priest (D:5)
  A gnoll shaman (D:3)
  2 gnolls (D:3)
  2 dart slugs
  4 orcs
  2 ball pythons
  3 endoplasms (D:3)
  A giant cockroach (D:2)
  A goblin (D:4)
  2 hobgoblins
  A jackal (D:2)
  2 quokkas
  A bat (D:3)
  A frilled lizard (D:2)
  10 kobolds (D:2)
  A rat (D:2)
  6 fungi (D:2)
  8 toadstools (D:2)
62 creatures vanquished.

Grand Total: 144 creatures vanquished

Notes
Turn   | Place    | Note
-------+----------+-------------------------------------------
     0 | D:1      | Allula97 the Demonspawn Fighter began the quest for the
                  | Orb.
     0 | D:1      | Reached XP level 1. HP: 18/18 MP: 1/1
   218 | D:1      | Gained mutation: A weak demonic guardian rushes to your
                  | aid. [demonic ancestry]
   218 | D:1      | Reached XP level 2. HP: 17/24 MP: 2/2
   353 | D:1      | Found a faded altar of an unknown god.
   374 | D:1      | Prayed at the altar of an unknown god.
   374 | D:1      | Became a worshipper of Jiyva Jival the Shapeless
   374 | D:1      | Reached * piety under Jiyva
   824 | D:2      | Reached XP level 3. HP: 22/29 MP: 3/3
   842 | D:2      | Reached skill level 3 in Armour
   860 | D:2      | Noticed an ogre
   888 | D:2      | Killed an ogre
   889 | D:2      | Reached skill level 1 in Dodging
   889 | D:2      | Reached skill level 1 in Stealth
   889 | D:2      | Discovered your monstrous ancestry.
   889 | D:2      | Gained mutation: You have a small tail. [demonic ancestry]
   889 | D:2      | Reached XP level 4. HP: 29/35 MP: 4/4
  1019 | D:2      | Reached XP level 5. HP: 41/41 MP: 5/5
  1074 | D:2      | Reached ** piety under Jiyva
  1554 | D:4      | Found Xuegguy Imuo's Antique Weapon Shoppe.
  1582 | D:4      | Found a sacrificial altar of Ru.
  1786 | D:3      | Reached *** piety under Jiyva
  1836 | D:3      | Gained mutation: Your translucent skin slightly reduces
                  | your foes' accuracy. (Stealth+) [Jiyva's grace]
  1836 | D:3      | Gained mutation: Your translucent skin reduces your foes'
                  | accuracy. (Stealth+) [Jiyva's grace]
  1836 | D:3      | Gained mutation: Your transparent skin significantly
                  | reduces your foes' accuracy. (Stealth+) [Jiyva's grace]
  1836 | D:3      | Gained mutation: You expend magic power (3 MP) to
                  | strengthen your wands. [Jiyva's grace]
  2112 | D:3      | Reached skill level 1 in Unarmed Combat
  2524 | D:4      | Noticed a sky beast
  2586 | D:4      | Killed a sky beast
  2587 | D:4      | Reached skill level 4 in Armour
  2587 | D:4      | Reached XP level 6. HP: 10/48 MP: 6/6
  2622 | D:4      | Reached **** piety under Jiyva
  2731 | D:4      | Found a transporter.
  2736 | D:4      | Noticed Bruhh's ghost (amateur GnIE)
  2782 | D:4      | Found a transporter.
  3158 | D:4      | Lost mutation: You expend magic power (3 MP) to strengthen
                  | your wands. [potion of mutation]
  3158 | D:4      | Lost mutation: Your transparent skin significantly reduces
                  | your foes' accuracy. (Stealth+) [potion of mutation]
  3158 | D:4      | Gained mutation: You sometimes lose the ability to read
                  | scrolls when taking damage. [potion of mutation]
  3158 | D:4      | Gained mutation: You expend magic power (3 MP) to
                  | strengthen your wands. [potion of mutation]
  3231 | D:4      | Killed Bruhh's ghost
  3232 | D:4      | Gained mutation: You have a tail ending in a sharp stinger.
                  | [demonic ancestry]
  3232 | D:4      | Reached XP level 7. HP: 16/54 MP: 7/7
  3274 | D:5      | Entered Level 5 of the Dungeon
  3320 | D:5      | Identified the +7 long sword "Tihimixt" {vamp, rF+ rC-
                  | Will+}
  3329 | D:5      | Found an ancient bone altar of Kikubaaqudgha.
  3373 | D:5      | Noticed Edmund
  3385 | D:5      | Killed Edmund
  3386 | D:5      | Reached skill level 5 in Armour
  3472 | D:5      | Noticed Pikel
  3494 | D:5      | HP: 1/55 [orc priest/divine providence (15)]
  3495 | D:5      | Slain by Pikel

Illustrated notes

Levels and vault maps discovered:
D:1:      minmay_arrival_checkered_box, layout_loops_ring,
          basic_ecumenical_altar, minmay_misc_feat_iff
D:2:      cheibrodos_fertilizer, layout_rooms, kennysheep_generic_room_16
D:3:      layout_basic
D:4:      layout_loops_ring, chequers_temple_overflow_statue_of_worship,
          serial_shops, shop, gammafunk_ghost_stat_death
D:5:      layout_basic, kiku_gazebo_pond_becter,
          mainiacjoe_overflow_large_starburst, uniq_pikel, uniq_edmund

Skill      XL: |  1  2  3  4  5  6  7 |
---------------+----------------------+-----
Long Blades    | 2 3 |  3.2
Armour         | 3 4 5 |  5.4
Dodging        | 1 2 |  2.6
Stealth        | 1 |  1.3
Shields        | 3 |  3.1
Unarmed Combat | 1 2 3 |  3.2
Fighting       | 4 |  4.4

Action                   |  1- 3 |  4- 6 |  7- 9 || total
-------------------------+-------+-------+-------++-------
Melee: Long sword        |    80 |       |    52 ||   132
       Unarmed           |       |   396 |    13 ||   409
       Tailslap          |       |    56 |     8 ||    64
       Punch             |       |     4 |       ||     4
Throw: Dart              |       |     2 |       ||     2
  Use: Potion            |       |     2 |       ||     2
Armor: Scale mail        |    45 |   207 |    24 ||   276
Dodge: Dodged            |    37 |   289 |    40 ||   366
Block: Buckler           |    19 |       |       ||    19
